 Dungeon Crawl Stone Soup version 0.30-a0-613-gdd512c7efb (webtiles) character file.

Game seed: 3921277060189458701

90 oldriver the Twirler (level 4, -4/35 HPs)
             Began as a Formicid Wanderer on Jan 9, 2023.
             Slain by Sigmund
             ... wielding a +0 scythe
              (10 damage)
             ... on level 3 of the Dungeon.
             The game lasted 00:02:21 (2226 turns).

oldriver the Twirler (Formicid Wanderer)            Turns: 2226, Time: 00:02:22

Health: -4/35      AC:  3    Str: 17    XL:     4   Next: 85%
Magic:  5/5        EV: 11    Int: 12    God:
Gold:   166        SH:  0    Dex: 14    Spells: 4/5 levels left

rFire   . . .      SeeInvis +    a - +0 quarterstaff
rCold   . . .      Faith    .    (no shield)
rNeg    . . .      Spirit   .    d - +0 leather armour
rPois   .          Reflect  .    (helmet unavailable)
rElec   .          Harm     .    (no cloak)
rCorr   .          Rampage  .    (no gloves)
Will    .....                    (no boots)
Stlth   +                        (no amulet)
HPRegen 0.25/turn                (no ring)
MPRegen 0.09/turn                (no ring)

@: confused
A: permanent stasis, dig shafts and tunnels, antennae 3, four strong arms
a: Dig, Shaft Self


You were on level 3 of the Dungeon.
You visited 1 branch of the dungeon, and saw 4 of its levels.

You collected 166 gold pieces.

Inventory:

Hand Weapons
 a - a +0 quarterstaff (weapon)
Armour
 d - a +0 leather armour (worn)
Wands
 b - a wand of polymorph (7)
Scrolls
 c - a scroll of vulnerability
 e - 2 scrolls of fear {unknown}
 f - a scroll of enchant armour {unknown}
 g - 4 scrolls of identify {unknown}
 h - a scroll of teleportation {unknown}
 i - a scroll of amnesia {unknown}
 j - a scroll of silence {unknown}


   Skills:
 + Level 3.2 Fighting
 - Level 4.0 Staves
 + Level 3.4 Stealth
 - Level 1.1 Spellcasting
 - Level 2.4 Hexes
 - Level 3.2 Evocations


You had 4 spell levels left.
You knew the following spells:

 Your Spells              Type           Power      Damage    Failure   Level
a - Slow                  Hex            24%        N/A       14%         1

Your spell library contained the following spells:

 Spells                   Type           Power      Damage    Failure   Level
 Anguish                  Hex/Necr       1%         N/A       92%         4
 Leda's Liquefaction      Hex/Erth       1%         N/A       92%         4


Dungeon Overview and Level Annotations

Branches:
Dungeon (4/15)
 Temple: D:4-7

Altars:

Annotations:
D:3 Sigmund


Innate Abilities, Weirdness & Mutations

You cannot be hasted, slowed, berserked, paralysed or teleported.
You can dig through walls and to a lower floor.
You have a pair of large antennae on your head. (SInv)
Your four strong arms can wield two-handed weapons with a shield.


Message History

You are too confused!
You are too confused!
You aren't carrying any potions.
You are too confused!
Found a stone staircase leading up.
Sigmund laughs darkly.
Sigmund hits you from afar with a +0 scythe!
The dart slug launches a dart at you. The slug dart misses you.
Sigmund barely misses you. The dart slug launches a dart at you.
The slug dart hits you.
The gnoll shouts!
Sigmund gestures at you while chanting.
You are more confused.
You closely miss Sigmund.
Sigmund is lightly wounded.
Sigmund barely misses you. The dart slug launches a dart at you.
The slug dart hits you. Sigmund hits you with a +0 scythe.
A gnoll comes into view. It is wielding a +2 heavy spear.
You closely miss Sigmund.
Sigmund is lightly wounded.
Sigmund closely misses you.
The gnoll throws a stone.
The stone barely misses you.
The gnoll throws a stone.
The stone misses you.
The gnoll falls through a shaft!
The shaft crumbles and collapses.
Sigmund gestures at you while chanting. The magic dart hits you.
The dart slug launches a dart at you.
The slug dart hits you but does no damage.
The gnoll hits you with a +0 club.
* * * LOW HITPOINT WARNING * * *
You're too confused to move!
Sigmund hits you from afar with a +0 scythe.
* * * LOW HITPOINT WARNING * * *
The gnoll misses you. The gnoll attacks as you move away!
The gnoll hits you with a +0 club.
* * * LOW HITPOINT WARNING * * *
The gnoll misses you. Sigmund hits you with a +0 scythe!
You die...

.### #.## #.
#.##.# #. ##.##
#.# ##...###.#
##.....##.#
.##.......#.#
............#
#.......###
##.....##
##..g@##
####..w.@######
......g.......<.
....#.....#####.
### #!...##
#.#### #. #. {
.. {


You could see Sigmund, 2 gnolls and a dart slug.

Vanquished Creatures
  2 adders (D:3)
  3 dart slugs
  3 orcs (D:3)
  6 ball pythons
  10 endoplasms
  4 giant cockroaches (D:1)
  7 goblins
  4 hobgoblins
  A quokka (D:1)
  6 bats
  2 frilled lizards (D:2)
  5 kobolds
  4 rats (D:1)
57 creatures vanquished.

Notes
Turn   | Place    | Note
-------+----------+-------------------------------------------
     0 | D:1      | oldriver the Formicid Wanderer began the quest for the Orb.
     0 | D:1      | oldriver set off with the following items: a +0
                  | quarterstaff, a wand of polymorph (7), a scroll of
                  | vulnerability, a +0 leather armour; and the following spell
                  | memorised: Slow; and the following spells available to
                  | memorise: Anguish, Leda's Liquefaction.
     0 | D:1      | Reached XP level 1. HP: 13/13 MP: 2/2
   162 | D:1      | Reached skill level 1 in Fighting
   194 | D:1      | Reached XP level 2. HP: 21/21 MP: 3/3
   208 | D:1      | Reached skill level 1 in Stealth
   480 | D:1      | Reached XP level 3. HP: 12/27 MP: 4/4
  1026 | D:2      | Reached XP level 4. HP: 34/34 MP: 5/5
  1269 | D:2      | You fall into a shaft and drop 2 floors!
  2051 | D:3      | HP: 1/35 [poisoned by an orc]
  2209 | D:3      | Noticed Sigmund
  2226 | D:3      | Slain by Sigmund

Illustrated notes

Levels and vault maps discovered:
D:1:      lemuel_arrival_tunnels, layout_loops_cross
D:2:      layout_basic
D:3:      layout_loops_ring, uniq_sigmund, uniq_jessica, uniq_natasha
D:4:      layout_rooms, minmay_temple_entry_enclosed_plants

Skill      XL: |  1  2  3  4 |
---------------+-------------+-----
Fighting       | 1 2 3 |  3.2
Stealth        | 1 2 3 |  3.4
Staves         | |  4.0
Spellcasting   | |  1.1
Hexes          | |  2.4
Evocations     | |  3.2

Action                   |  1- 3 |  4- 6 || total
-------------------------+-------+-------++-------
Melee: Quarterstaff      |    69 |    63 ||   132
  Use: Potion            |       |     2 ||     2
 Stab: Sleeping          |     9 |     3 ||    12
Armor: Leather armour    |    35 |    25 ||    60
Dodge: Dodged            |    32 |    53 ||    85

Table legend: (Time is in decaauts)
 A = Elapsed time spent in this place.
 B = Non-inter-level travel time spent in this place.
 C = Inter-level travel time spent in this place.
 D = Time resting spent in this place.
 E = Time spent auto-exploring this place.
 F = Levels seen in this place.
 G = Mean time per level.
                   A        B        C        D        E       F      G
               +--------+--------+--------+--------+--------+-----+--------+
         Total |   2240 |   2192 |     48 |    182 |   1562 |   4 |  560.0 |
       Dungeon |   2240 |   2192 |     48 |    182 |   1562 |   4 |  560.0 |
               +--------+--------+--------+--------+--------+-----+--------+

Top non-repeatable levels by time:
     D:2: 1091 daAuts
     D:1: 791 daAuts
     D:3: 301 daAuts
     D:4: 55 daAuts
